 Dungeon Crawl Stone Soup version 0.31.0-9-g3a7656b989 (webtiles) character file.

Game seed: 13157678668857792565

135 qw the Skirmisher (level 4, -4/25 HPs)
             Began as a Deep Elf Hunter on Feb 2, 2024.
             Succumbed to a kobold's poison
             ... on level 4 of the Dungeon.
             The game lasted 00:00:07 (2258 turns).

qw the Skirmisher (Deep Elf Hunter)                 Turns: 2258, Time: 00:00:08

Health: -4/25      AC:  6    Str: 10    XL:     4   Next: 96%
Magic:  6/6        EV: 12    Int: 14    God:
Gold:   115        SH:  0    Dex: 24    Spells: 3/3 levels left

rFire   . . .        o - +0 arbalest
rCold   . . .        (shield currently unavailable)
rNeg    . . .        d - +0 ring mail
rPois   .            (no helmet)
rElec   .            (no cloak)
rCorr   .            (no gloves)
SInv    .            h - +0 pair of boots
Will    .....        f - amulet of faith
Stlth   ++           j - +6 ring of dexterity
HPRegen 0.24/turn    (no ring)
MPRegen 0.10/turn

%: faith
@: lethally poisoned (-4 -> -23)
A: no striking features
a: no special abilities


You were on level 4 of the Dungeon.
You visited 1 branch of the dungeon, and saw 4 of its levels.

You collected 115 gold pieces.


   Skills:
 - Level 1.5 Fighting
 + Level 8.1 Ranged Weapons
 - Level 3.0 Dodging
 - Level 1.2 Stealth


You had 3 spell levels left.
You didn't know any spells.
Your spell library was empty.

Inventory:

Hand Weapons
 o - a +0 arbalest (weapon)
Armour
 d - a +0 ring mail (worn)
 h - a +0 pair of boots (worn)
Jewellery
 f - an amulet of faith (around neck)
 g - an amulet of the acrobat
 j - a +6 ring of dexterity (left hand)
Wands
 c - a wand of digging (6)
Potions
 e - a potion of mutation
 i - a potion of haste {unknown}
 k - a potion of cancellation {unknown}
 l - a potion of degeneration {unknown}
 n - a potion of enlightenment {unknown}

Dungeon Overview and Level Annotations

Branches:
Dungeon (4/15)
 Temple: D:4-7

Altars:

Annotations:
D:2 1 runed translucent door, Crazy Yiuf
D:4 1 transporter


Message History

You kill the ball python!
A goblin and a quokka come into view.
The goblin shouts!
You hear a shout!
You shoot a bolt. The bolt hits the quokka!
You kill the quokka!
You shoot a bolt. The bolt hits the goblin!!
You kill the goblin!
A kobold comes into view.
It is wielding a +0 whip and quivering poisoned darts.
You shoot a bolt. The bolt closely misses the kobold.
The kobold shouts!
You hear a shout!
The kobold throws a poisoned dart.
The poisoned dart barely misses you.
An endoplasm comes into view.
The kobold throws a poisoned dart.
The poisoned dart misses you.
You shoot a bolt.
The bolt hits the kobold but does no damage.
An orc comes into view. It is wielding a +0 short sword.
A kobold comes into view.
It is wielding a +1 short sword of venom.
You shoot a bolt. The bolt misses the kobold.
The kobold throws a poisoned dart.
The poisoned dart hits you!
You are poisoned.
You shoot a bolt. The bolt closely misses the kobold.
You feel very sick.
You shoot a bolt. The bolt closely misses the kobold.
You feel sick. The kobold hits you with a +0 whip.
The kobold hits you with a +1 short sword of venom.
You are more poisoned.
An orc comes into view. It is wielding a +0 flail.
The kobold hits you with a +0 whip.
You shoot a bolt. The bolt closely misses the kobold.
You feel very sick.
A quokka comes into view.
The kobold closely misses you. The kobold hits you with a +0 whip.
An orc comes into view. It is wielding a +0 hand axe.
The kobold hits you but does no damage. The orc hits you with a +0 short sword.
The kobold hits you with a +1 short sword of venom.
You are more poisoned.
You shoot a bolt. The bolt barely misses the orc.
The orc shouts!
You die...

#####.....
...%...%o ##
.......o)..
.......$.r#
.....<.$#.#
.......J..##...
......oKK......
.......@#
........#######
.......|#Y....#
........#.....#
######..#.....#
##..#$$...+
#..^#^Y..0+
#...#?$...+
#..##.....#


You could see 3 orcs, an endoplasm, a quokka and 2 kobolds.

Vanquished Creatures
  A gnoll (D:1)
  6 adders
  2 dart slugs
  3 ribbon worms
  4 orcs (D:3)
  4 ball pythons
  4 bats
  2 endoplasms
  A giant cockroach (D:1)
  7 goblins
  6 hobgoblins
  3 kobolds
  4 quokkas
  2 frilled lizards (D:2)
  6 rats
55 creatures vanquished.

Notes
Turn   | Place    | Note
-------+----------+-------------------------------------------
     0 | D:1      | qw the Deep Elf Hunter began the quest for the Orb.
     0 | D:1      | Reached XP level 1. HP: 12/12 MP: 3/3
     0 | D:1      | 0 ||| qw: Version: 0.3-a-155-g5e7d8dd
     0 | D:1      | 0 ||| qw: Game counter: 2565
     0 | D:1      | 0 ||| qw: Melee chars always use a shield: true
     0 | D:1      | 0 ||| qw: God list: Okawaru
     0 | D:1      | 0 ||| qw: Allow faded altars: false
     0 | D:1      | 0 ||| qw: Do Orc after clearing Dungeon:15 true
     0 | D:1      | 0 ||| qw: Do second Lair branch before Depths: true
     0 | D:1      | 0 ||| qw: Lair rune preference: random
     0 | D:1      | 0 ||| qw: Goals: Normal
     0 | D:1      | 0 ||| PLANNING D:1-11
   187 | D:1      | Reached XP level 2. HP: 16/16 MP: 4/4
   191 | D:1      | Reached skill level 6 in Ranged Weapons
   655 | D:1      | 655 ||| UPGRADING to +0 ring mail.
   665 | D:1      | 665 ||| DROPPING +0 leather armour.
   666 | D:1      | 666 ||| READING scroll labelled HALAUXK BEYS.
   696 | D:1      | 696 ||| READING scroll labelled FAUKHI CASOU.
   697 | D:1      | 697 ||| DROPPING scroll of butterflies.
   756 | D:2      | Reached XP level 3. HP: 20/20 MP: 5/5
   931 | D:2      | Reached skill level 7 in Ranged Weapons
   942 | D:2      | Found a runed translucent door.
   943 | D:2      | Noticed Crazy Yiuf
  1229 | D:2      | Reached XP level 4. HP: 20/25 MP: 6/6
  1392 | D:2      | 1392 ||| UPGRADING to +0 pair of boots.
  1397 | D:2      | 1397 ||| UPGRADING to amulet of the acrobat.
  1402 | D:2      | 1402 ||| UPGRADING to +6 ring of dexterity.
  1403 | D:2      | 1403 ||| READING scroll labelled JENIBL UNIARA.
  1403 | D:2      | 1403 ||| IDENTIFYING fizzy yellow potion
  1404 | D:2      | 1404 ||| READING scroll labelled ABIVIA YLUUDES.
  1404 | D:2      | 1404 ||| ENCHANTING +0 shortbow.
  1405 | D:2      | 1405 ||| READING scroll labelled FYOLEAKH GITI.
  1435 | D:2      | 1435 ||| DROPPING potion of brilliance.
  1475 | D:3      | Found a faded altar of an unknown god.
  1524 | D:3      | 1524 ||| READING scroll of enchant weapon.
  1524 | D:3      | 1524 ||| ENCHANTING +1 shortbow.
  1849 | D:3      | Reached skill level 8 in Ranged Weapons
  1905 | D:3      | 1905 ||| SWAPPING to +0 arbalest.
  1907 | D:3      | 1907 ||| DROPPING +2 shortbow.
  2111 | D:3      | Reached skill level 3 in Dodging
  2151 | D:3      | 2151 ||| UPGRADING to amulet of faith.
  2161 | D:3      | 2161 ||| READING scroll of identify.
  2161 | D:3      | 2161 ||| IDENTIFYING bubbling puce potion
  2162 | D:3      | 2162 ||| READING scroll labelled CUHACALUDI.
  2229 | D:4      | 2229 ||| PLANNING OSSUARY
  2239 | D:4      | Found a transporter.
  2239 | D:4      | Noticed an ice beast
  2240 | D:4      | Noticed an ice beast
  2241 | D:4      | Noticed an ice beast
  2242 | D:4      | Noticed an ice beast
  2257 | D:4      | HP: 5/25 [orc/+0 short sword (5)]
  2258 | D:4      | Succumbed to a kobold's poison

Levels and vault maps discovered:
D:1:      orjb1_lava_funnel, layout_basic
D:2:      layout_basic, grunt_ministairs_9, hangedman_decor_growths,
          interstate_on_off, uniq_crazy_yiuf_cottage
D:3:      cheibrodos_helix_gallery, layout_basic,
          chequers_ecumenical_altar_simple_redux
D:4:      gammafunk_cloud_chamber, layout_rooms, fedhas_altar_2,
          mainiacjoe_ossuary_entry_find_the_door, minivault_1,
          minmay_misc_feat_encased, kennysheep_generic_room_11

Skill      XL: |  1  2  3  4 |
---------------+-------------+-----
Ranged Weapons | 6 7 8 |  8.1
Dodging        | 3 |  3.0
Fighting       | |  1.5
Stealth        | |  1.2

Action                     |  1- 3 |  4- 6 || total
---------------------------+-------+-------++-------
   Fire: Shortbow          |    89 |    23 ||   112
         Arbalest          |       |    24 ||    24
    Use: Scroll            |     2 |     6 ||     8
 Armour: Leather armour    |     1 |       ||     1
         Ring mail         |    25 |     9 ||    34
  Dodge: Dodged            |    18 |     5 ||    23

Table legend:
 A = Non-vault XP
 B = Vault XP
 C = Vault XP percentage of total XP
 D = Non-vault monster count
 E = Vault monster count
 F = Vault count percentage of total count
                 A         B        C        D         E       F
            +---------+---------+-------+---------+---------+-------
      Total |     173 |      20 |  10.4 |      51 |       4 |   7.3
            +---------+---------+-------+---------+---------+-------
        D:1 |      40 |       0 |   0.0 |      14 |       0 |   0.0
        D:2 |      53 |      15 |  22.1 |      15 |       2 |  11.8
        D:3 |      72 |       5 |   6.5 |      18 |       2 |  10.0
        D:4 |       8 |       0 |   0.0 |       4 |       0 |   0.0
            +---------+---------+-------+---------+---------+-------
